 Dungeon Crawl Stone Soup version 0.25-a0-886-gd7461d2276 (webtiles) character file.

Game seed: 2317981809719214600, levelgen mode: classic

84 EnegeticOcto the Chopper (level 4, -2/40 HPs)
             Began as a Deep Dwarf Fighter on May 2, 2020.
             Slain by an ogre
             ... wielding a +0 giant spiked club
              (26 damage)
             ... on level 4 of the Dungeon.
             The game lasted 00:02:03 (292 turns).

EnegeticOcto the Chopper (Deep Dwarf Fighter)        Turns: 292, Time: 00:02:04

Health: -2/40      AC:  6    Str: 20    XL:     4   Next: 23%
Magic:  4/4        EV:  7    Int:  9    God:
Gold:   84         SH: 10    Dex: 12    Spells: 3/3 levels left

rFire    . . .     SeeInvis .   a - +0 war axe
rCold    . . .     Gourm    .   c - +1 kite shield
rNeg     . . .     Faith    .   b - +0 scale mail
rPois    .         Spirit   .   (no helmet)
rElec    .         Reflect  .   (no cloak)
rCorr    .         Harm     .   (no gloves)
MR       .....                  (no boots)
Stlth    ..........             (no amulet)
HPRegen  0.00/turn              (no ring)
MPRegen  0.09/turn              (no ring)

@: non-regenerating
A: damage resistance, heal wounds, sense surroundings 1, no regeneration
a: Heal Wounds


You were on level 4 of the Dungeon.
You were not hungry.

You visited 1 branch of the dungeon, and saw 4 of its levels.

You collected 84 gold pieces.

Inventory:

Hand Weapons
 a - a +0 war axe (weapon)
Armour
 b - a +0 scale mail (worn)
 c - a +1 kite shield (worn)
Potions
 d - a potion of might {@q3 !q}
 g - a potion of heal wounds {unknown}
Comestibles
 e - 3 rations


   Skills:
 - Level 2.6 Fighting
 + Level 5.0 Axes
 - Level 3.2 Armour
 - Level 3.2 Shields


You had 3 spell levels left.
You didn't know any spells.
Your spell library was empty.

Dungeon Overview and Level Annotations

Branches:
Dungeon (4/15)
 Temple: D:4-7

Altars:


Innate Abilities, Weirdness & Mutations

You are resistant to damage.
You can heal yourself by infusing magical energy.
You passively map a small area around you.
You do not regenerate.


Message History

The bat hits you but does no damage. x2
The bat hits you but does no damage. The bat hits you but does no damage.
The bat hits you but does no damage. The bat completely misses you.
You block the bat's attack. You block the bat's attack.
You closely miss the bat. The bat hits you but does no damage.
You block the bat's attack. The bat completely misses you.
You block the bat's attack. The bat hits you but does no damage.
You block the bat's attack. The bat barely misses you.
The bat hits you but does no damage. The bat hits you but does no damage.
The bat closely misses you. You block the bat's attack.
The bat hits you but does no damage. You block the bat's attack.
A rat comes into view.
You block the bat's attack. The bat hits you but does no damage. x2
The bat hits you but does no damage. The bat hits you but does no damage.
A rat comes into view.
Unknown command.
The bat barely misses you. The bat hits you but does no damage.
The bat barely misses you. The bat closely misses you.
The bat hits you but does no damage. The bat hits you but does no damage.
The rat bites you but does no damage. You block the bat's attack.
The bat completely misses you. You block the bat's attack.
The bat barely misses you. The bat hits you.
Found a stone staircase leading down.
The bat hits you but does no damage. The bat hits you but does no damage.
You block the bat's attack. You block the bat's attack.
The bat hits you but does no damage. The bat hits you. The bat hits you.
Found a pair of gloves.
There is a stone staircase leading down here.
The bat hits you but does no damage.
You climb downwards.
A hound and a dart slug come into view.
The hound barks!
There is a stone staircase leading up here.
As you read the scroll labeled COZILIL FAABAZUAT, it crumbles to dust.
It is a scroll of enchant armour.
Your +0 kite shield glows green for a moment.
Found 9 gold pieces.
An ogre comes into view. It is wielding a +0 giant spiked club.
The ogre shouts!
An iguana comes into view.
The dart slug bites you but does no damage.
You block the dart slug's attack.
Found a ration.
You completely miss the dart slug.
The dart slug bites you but does no damage.
You feel much better. You block the hound's attack.
The hound barely misses you.
The ogre hits you with a +0 giant spiked club!
You barely miss the ogre. You completely miss the iguana.
You hit the dart slug. You slash the hound!
The hound bites you but does no damage. The iguana bites you.
The dart slug bites you. The hound bites you but does no damage.
You block the ogre's attack.
You fail to use your ability.
You block the hound's attack.
The iguana bites you but does no damage.
The dart slug launches a dart at you. The slug dart hits you.
You slash the ogre!
The ogre is moderately wounded.
You hit the iguana but do no damage. You hit the dart slug.
You closely miss the hound. The hound barely misses you.
You block the ogre's attack. The iguana barely misses you.
You block the hound's attack.
The dart slug bites you but does no damage.
You block the iguana's attack.
You barely miss the ogre.
The ogre is moderately wounded.
You slash the hound!
You kill the hound!
Your Axes skill increases to level 5!
You have reached level 4!
You feel clever.
You slash the dart slug!
You kill the dart slug!
You hit the iguana.
The ogre hits you with a +0 giant spiked club.
You block the iguana's attack.
You barely miss the ogre.
The ogre is moderately wounded.
You hit the iguana.
The ogre hits you with a +0 giant spiked club!!
Ouch! That really hurt!
You die...

,,, * ##.. ..%.
....# ..#.,# ,
.....##..#.# . , ,
.........#...#,.. ,
*#........ ......
.#.......###... , ,
, ....$.O....#.# ,,
......l@.....# ,, ,
....##....##.#* ,, .
.........#.# * * *
#..#.......<# *
*##,#......#........
........#..#..... ,
#.......##........,
, *
##..#.#####.......
##.## * ......# ,


You could see an ogre and an iguana.

Vanquished Creatures
  A crimson imp (D:3)
  A hound (D:4)
  A dart slug (D:4)
  5 orcs (D:3)
  2 hobgoblins (D:1)
  A kobold (D:1)
  3 bats
  A goblin (D:1)
15 creatures vanquished.

Notes
Turn   | Place    | Note
-------+----------+-------------------------------------------
     0 | D:1      | EnegeticOcto the Deep Dwarf Fighter began the quest for the
                  | Orb.
     0 | D:1      | Reached XP level 1. HP: 20/20 MP: 1/1
   174 | D:3      | Noticed a crimson imp
   175 | D:3      | Reached skill level 3 in Axes
   175 | D:3      | Reached XP level 2. HP: 24/27 MP: 2/2
   213 | D:3      | Killed a crimson imp
   213 | D:3      | Reached skill level 4 in Axes
   213 | D:3      | Reached XP level 3. HP: 21/33 MP: 3/3
   283 | D:4      | Noticed an ogre
   291 | D:4      | Reached skill level 5 in Axes
   291 | D:4      | Reached XP level 4. HP: 24/40 MP: 4/4
   292 | D:4      | Slain by an ogre

Levels and vault maps discovered:
D:1:      dpeg_arrival_chambers_temple_mockup, layout_basic
D:2:      layout_basic, nicolae_gozag_seed_capital, first_ration,
          nicolae_ru_path_of_blood
D:3:      layout_basic, serial_glass, glass_columns_b, glass_columns_a,
          due_unseen_surprise, item_on_display_a, kennysheep_nondescript,
          hangedman_decor_lopped
D:4:      layout_cave_pools, nicolae_overflow_crystal_walls

Skill      XL: |  1  2  3 |
---------------+----------+-----
Axes           | 3 4 5 |  5.0
Fighting       | |  2.6
Armour         | |  3.2
Shields        | |  3.2

Action                   |  1- 3 |  4- 6 || total
-------------------------+-------+-------++-------
Melee: War axe           |    28 |     1 ||    29
 Abil: Heal Wounds       |     1 |       ||     1
  Use: Scroll            |     1 |       ||     1
Armor: Scale mail        |    55 |       ||    55
Dodge: Dodged            |    41 |       ||    41
Block: Kite shield       |    57 |     1 ||    58

Table legend:
 A = Non-vault XP
 B = Vault XP
 C = Vault XP percentage of total XP
 D = Non-vault monster count
 E = Vault monster count
 F = Vault count percentage of total count
                 A         B        C        D         E       F
            +---------+---------+-------+---------+---------+-------
      Total |     120 |       0 |   0.0 |      15 |       0 |   0.0
            +---------+---------+-------+---------+---------+-------
        D:1 |       8 |       0 |   0.0 |       5 |       0 |   0.0
        D:3 |      68 |       0 |   0.0 |       8 |       0 |   0.0
        D:4 |      44 |       0 |   0.0 |       2 |       0 |   0.0
            +---------+---------+-------+---------+---------+-------
